 Dungeon Crawl Stone Soup version 0.30.0-10-gfe55d96785 (webtiles) character file.

Game seed: 4892415231406034269

76 MessiahW the Ruffian (level 4, 0/45 HPs)
             Began as a Troll Berserker on May 15, 2023.
             Was a Believer of Trog.
             Slain by an orc wizard
             ... wielding a +0 dagger
              (3 damage)
             ... on level 2 of the Dungeon.
             The game lasted 00:17:15 (1278 turns).

MessiahW the Ruffian (Troll Berserker)              Turns: 1278, Time: 00:17:15

Health: 0/45       AC:  4    Str: 27    XL:     4   Next: 12%
Magic:  3/3        EV: 10    Int:  3    God:    Trog [**....]
Gold:   34         SH:  0    Dex:  9    Spells: 3/3 levels left

rFire   . .          .
                       - Unarmed
rCold   . . .        (no shield)
rNeg    . . .        a - +0 animal skin
rPois   .            (helmet restricted)
rElec   +            (no cloak)
rCorr   .            (gloves unavailable)
SInv    .            (boots unavailable)
Will    .....        (no amulet)
Stlth   +            g - ring of wizardry
HPRegen 1.07/turn    (no ring)
MPRegen 0.08/turn

%: clarity, wizardry (x1)
@: no status effects
A: large, unfitting armour, claws 3, regeneration 1, shaggy fur 1, tough skin 1,
clarity, electricity resistance, MP-powered wands
a: Renounce Religion, Berserk, Trog's Hand


You were on level 2 of the Dungeon.
You worshipped Trog.
Trog was pleased with you.
You visited 1 branch of the dungeon, and saw 2 of its levels.

You collected 34 gold pieces.

Inventory:

Hand Weapons
 b - a +0 short sword
 d - a +0 club
 i - a +0 trident
Missiles
 f - 12 stones (quivered)
Armour
 a - a +0 animal skin (worn)
 c - a +0 leather armour
Jewellery
 g - a ring of wizardry (left claw)
Potions
 e - 3 potions of curing
 h - a potion of magic {unknown}


   Skills:
 + Level 3.0 Fighting
 + Level 2.9 Dodging
 + Level 4.0 Unarmed Combat


You had 3 spell levels left.
You didn't know any spells.
Your spell library contained the following spells:

 Spells                   Type           Power      Damage    Failure   Level
 Slow                     Hex            0%         N/A       24%         1
 Confusing Touch          Hex            0%         N/A       56%         3
 Vampiric Draining        Necr           0%         2d6       56%         3


Dungeon Overview and Level Annotations

Branches:
Dungeon (2/15)

Altars:


Innate Abilities, Weirdness & Mutations

You are too large for most types of armour.
You have claws for hands.
Your natural rate of healing is unusually fast.
You are covered in fur. (AC +1)
You have tough skin. (AC +1)
You possess an exceptional clarity of mind.
You are resistant to electric shocks. (rElec)
You expend magic power (3 MP) to strengthen your wands.


Message History

You scratch the orc priest.
The orc priest is severely wounded.
The orc hits you from afar with a +0 trident.
You completely miss the orc priest.
The orc priest is severely wounded.
The orc priest hits you with a +0 short sword.
The orc hits you from afar with a +0 trident.
You completely miss the orc priest.
The orc priest is severely wounded.
The orc priest looks braver for a moment.
The orc barely misses you.
You completely miss the orc priest.
The orc priest is severely wounded.
The orc priest hits you with a +0 short sword.
The orc hits you from afar with a +0 trident.
You closely miss the orc priest.
The orc priest is severely wounded.
The orc hits you from afar with a +0 trident!
* * * LOW HITPOINT WARNING * * *
The orc priest looks satisfied for a moment.
You claw the orc priest!
You kill the orc priest!
Trog accepts your kill. The orc closely misses you.
Your Fighting skill increases to level 3!
Your Unarmed Combat skill increases to level 4!
You have reached level 4!
You barely miss something. Something hits you.
* * * LOW HITPOINT WARNING * * *
The orc hits you from afar with a +0 trident.
* * * LOW HITPOINT WARNING * * *
Something hits you but does no damage. The orc barely misses you.
Something hits you.
* * * LOW HITPOINT WARNING * * *
Something hits you.
* * * LOW HITPOINT WARNING * * *
Something hits you.
* * * LOW HITPOINT WARNING * * *
Something hits you.
You die...

...#........##
[.#..........#.. ..
................ ...#
##.............. ... #
#..........#.. .. ..
#..........#.. .# ...
##...†....###.##[#.....#
###...†......##.#..#.....#
................@........##
.............##.#{##.......
.............##.#o# .....#
#............#..#r# .....#
#..............#..##r....#
#...#......##......)#
..#......###.....##.#
###......# #.#.####...
......#...>..# ###...


You could see an orc and a rat.

Vanquished Creatures
  An orc priest (D:2)
  2 adders (D:2)
  A worm (D:2)
  An orc (D:2)
  A ball python (D:2)
  3 giant cockroaches (D:1)
  A goblin (D:1)
  2 hobgoblins
  3 jackals (D:1)
  2 quokkas
  2 bats (D:1)
  A frilled lizard (D:1)
  A kobold (D:1)
  4 rats (D:1)
25 creatures vanquished.

Notes
Turn   | Place    | Note
-------+----------+-------------------------------------------
     0 | D:1      | MessiahW the Troll Berserker began the quest for the Orb.
     0 | D:1      | Reached XP level 1. HP: 22/22 MP: 0/0
   300 | D:1      | Reached XP level 2. HP: 28/29 MP: 1/1
   330 | D:1      | Found a faded altar of an unknown god.
   995 | D:1      | Gained mutation: You expend magic power (3 MP) to
                  | strengthen your wands. [potion of mutation]
   995 | D:1      | Gained mutation: You possess an exceptional clarity of
                  | mind. [potion of mutation]
   995 | D:1      | Gained mutation: You are resistant to electric shocks.
                  | (rElec) [potion of mutation]
  1233 | D:2      | Reached XP level 3. HP: 29/36 MP: 2/2
  1257 | D:2      | Reached ** piety under Trog
  1270 | D:2      | Reached skill level 4 in Unarmed Combat
  1270 | D:2      | Reached XP level 4. HP: 13/45 MP: 3/3
  1277 | D:2      | HP: 2/45 [something (5)]
  1278 | D:2      | Slain by an orc wizard

Illustrated notes

Levels and vault maps discovered:
D:1:      kilobyte_arrival_exit_the_forest, layout_basic, basic_ecumenical_altar
D:2:      layout_rooms, serial_shops, shop

Skill      XL: |  1  2  3 |
---------------+----------+-----
Fighting       | 3 |  3.0
Unarmed Combat | 4 |  4.0
Dodging        | |  2.9

Action                     |  1- 3 |  4- 6 || total
---------------------------+-------+-------++-------
  Melee: Unarmed           |    73 |     1 ||    74
         Punch             |     1 |       ||     1
    Use: Scroll            |     3 |       ||     3
         Potion            |     2 |       ||     2
 Armour: Animal skin       |    17 |     1 ||    18
  Dodge: Dodged            |    33 |     1 ||    34
